 Dungeon Crawl Stone Soup version 0.31-a0-851-g7ff8af7976 (webtiles) character file.

Game seed: 3079094184207188831

27 Maratek the Ducker (level 3, 26/26 HPs)
             Began as an Octopode Fighter on Oct 6, 2023.
             Was a Follower of Elyvilon.
             Quit the game on level 1 of the Dungeon.
             The game lasted 00:01:01 (925 turns).

Maratek the Ducker (Octopode Fighter)                Turns: 925, Time: 00:01:02

Health: 26/26      AC:  1    Str: 17    XL:     3   Next: 10%
Magic:  3/3        EV: 13    Int: 10    God:    Elyvilon [*.....]
Gold:   59         SH:  4    Dex: 11    Spells: 2/2 levels left

rFire   . . .        a - +0 flail
rCold   . . .        b - +0 buckler
rNeg    . . .        (helmet restricted)
rPois   .            (no amulet)
rElec   .            (no ring)
rCorr   .            (no ring)
SInv    .            (no ring)
Will    .....        (no ring)
Stlth   ++           (no ring)
HPRegen 0.24/turn    (no ring)
MPRegen 0.08/turn    (no ring)
                     (no ring)

%: no passive effects
@: no status effects
A: almost no armour, amphibious, 8 rings, camouflage 1, gelatinous body 1,
(nimble swimmer 1), tentacles
a: Renounce Religion, Purification


You were on level 1 of the Dungeon.
You worshipped Elyvilon.
Elyvilon was aware of your devotion.
You visited 1 branch of the dungeon, and saw 1 of its levels.

You collected 59 gold pieces.

Inventory:

Hand Weapons
 a - a +0 flail (weapon)
Armour
 b - a +0 buckler (worn)
Scrolls
 g - a scroll of noise {unknown}
 i - a scroll of identify {unknown}
Potions
 c - a potion of might
 d - a potion of degeneration {unknown}
 e - a potion of curing {unknown}
 f - a potion of magic {unknown}
 h - 2 potions of enlightenment {unknown}


   Skills:
 + Level 3.3 Fighting
 + Level 2.3 Maces & Flails
 + Level 3.3 Dodging
 + Level 0.5 Stealth
 + Level 3.2 Shields


You had 2 spell levels left.
You didn't know any spells.
Your spell library was empty.

Dungeon Overview and Level Annotations

Branches:
Dungeon (1/15)

Altars:
Elyvilon


Innate Abilities, Weirdness & Mutations

You cannot wear most types of armour.
You are amphibious.
You can wear up to eight rings at the same time.
Your skin changes colour to match your surroundings (Stealth+).
Your rubbery body absorbs attacks. (AC +1, EV +1)
((You are camouflaged when in or above water. (Stealth+)))
You have tentacles for arms and can constrict up to eight enemies at once.


Message History

No target in view!
There is a stone staircase leading down here.
A kobold comes into view. It is wielding a +0 short sword.
A kobold is nearby!
A kobold is nearby!
The kobold shouts!
You block the kobold's attack.
You hit the kobold but do no damage. Your grab misses the kobold.
The kobold hits you with a +0 short sword.
You miss the kobold. Your grab misses the kobold.
The kobold hits you with a +0 short sword.
The kobold barely misses you.
You closely miss the kobold. You grab the kobold. You squeeze the kobold.
You kill the kobold!
No target in view!
No target in view!
No target in view!
No target in view!
Things that are here:
a +0 short sword; 2 stones; a kobold corpse A bat comes into view.
A bat is nearby!
A bat is nearby!
A bat is nearby!
The bat barely misses you.
You miss the bat. You grab the bat. You squeeze the bat, but do no damage.
You constrict the bat. The bat closely misses you.
The bat barely misses you. x2
You thump the bat!
You kill the bat!
No target in view!
No target in view!
No target in view!
You open the door.
There is an open door here.
Done exploring.
Done exploring.
Done exploring.
Done exploring.
Done exploring.
Are you sure you want to abandon this character and quit the game? (Confirm with "yes".)

#......# #.# # #......# #.# #
#......# ##.######
########.(....###########........
....>............................
..............##.####...##.######
.....##.......##...####..#.# #
......#.##########.#####...# #
#.###.#.##......@......##..# #
#.# #.#.##########.#######.#### #
#.###.#.##########.#######....###
...........................##..##
#.###.###.###.#.##.#######.###.##
...........).......# #.# #.##
..###.#######.#.##.# ####.###...
............#)#.##.####...[......
..............#.##.........###.##


There were no monsters in sight!

Vanquished Creatures
  2 ball pythons (D:1)
  4 endoplasms (D:1)
  2 giant cockroaches (D:1)
  2 goblins (D:1)
  A hobgoblin (D:1)
  2 jackals (D:1)
  4 kobolds (D:1)
  A quokka (D:1)
  2 bats (D:1)
  2 frilled lizards (D:1)
  2 rats (D:1)
24 creatures vanquished.

Notes
Turn   | Place    | Note
-------+----------+-------------------------------------------
     0 | D:1      | Maratek the Octopode Fighter began the quest for the Orb.
     0 | D:1      | Reached XP level 1. HP: 16/16 MP: 1/1
   126 | D:1      | Reached XP level 2. HP: 20/21 MP: 2/2
   612 | D:1      | Found a faded altar of an unknown god.
   622 | D:1      | Reached XP level 3. HP: 19/26 MP: 3/3
   632 | D:1      | Prayed at the altar of an unknown god.
   632 | D:1      | Became a worshipper of Elyvilon the Healer
   632 | D:1      | Reached * piety under Elyvilon
   925 | D:1      | Quit the game

Illustrated notes

Levels and vault maps discovered:
D:1:      minmay_arrival_radiant_lines, layout_basic, basic_ecumenical_altar

Action                     || total
---------------------------++-------
  Melee: Flail             ||    44
         Constrict         ||    13
         Tentacles         ||    10
   Stab: Sleeping          ||     5
 Armour: Skin              ||    18
  Dodge: Dodged            ||    19
  Block: Buckler           ||     5

Table legend: (Time is in decaauts)
 A = Elapsed time spent in this place.
 B = Non-inter-level travel time spent in this place.
 C = Inter-level travel time spent in this place.
 D = Time resting spent in this place.
 E = Time spent auto-exploring this place.
 F = Levels seen in this place.
 G = Mean time per level.
                   A        B        C        D        E       F      G
               +--------+--------+--------+--------+--------+-----+--------+
         Total |    940 |    930 |     10 |      0 |    773 |   1 |  940.0 |
       Dungeon |    940 |    930 |     10 |      0 |    773 |   1 |  940.0 |
               +--------+--------+--------+--------+--------+-----+--------+

Top non-repeatable levels by time:
     D:1: 940 daAuts
